 Dungeon Crawl Stone Soup version 0.31.0-11-ge490571c62 (webtiles) character file.

Game seed: 2304553799619668644

4 Arcadio the Sneak (level 1, -4/18 HPs)
             Began as a Human Delver on Jan 29, 2024.
             Slain by a hound (5 damage)
             ... on level 5 of the Dungeon.
             The game lasted 00:01:16 (398 turns).

Arcadio the Sneak (Human Delver)                     Turns: 398, Time: 00:01:16

Health: -4/18      AC:  3    Str: 12    XL:     1   Next: 70%
Magic:  1/1        EV: 12    Int: 10    God:
Gold:   13         SH:  0    Dex: 14    Spells: 0/0 levels left

rFire   . . .        a - +0 falchion
rCold   . . .        (no shield)
rNeg    . . .        b - +0 leather armour
rPois   .            (no helmet)
rElec   .            (no cloak)
rCorr   .            (no gloves)
SInv    .            (no boots)
Will    .....        (no amulet)
Stlth   +++          (no ring)
HPRegen 0.23/turn    (no ring)
MPRegen 0.07/turn

%: no passive effects
@: no status effects
A: explore regen
a: no special abilities


You were on level 5 of the Dungeon.
You visited 1 branch of the dungeon, and saw 1 of its levels.

You collected 13 gold pieces.

Inventory:

Hand Weapons
 a - a +0 falchion (weapon)
Armour
 b - a +0 leather armour (worn)
Wands
 g - a wand of digging (3)
Scrolls
 c - a scroll of fog
 d - a scroll of revelation
 e - a scroll of fear
 h - 2 scrolls of poison {unknown}
Potions
 f - a potion of haste


   Skills:
 + Level 3.1 Fighting
 + Level 2.1 Long Blades
 + Level 2.1 Dodging
 - Level 5.0 Stealth


You couldn't memorise any spells.
You didn't know any spells.
Your spell library contained the following spells:

 Spells                   Type           Power      Damage    Failure   Level
 Apportation              Tloc           0%         N/A       43%         1
 Jinxbite                 Hex            0%         N/A       58%         2
 Alistair's Intoxication  Alch           0%         N/A       100%        5


Dungeon Overview and Level Annotations

Branches:
Dungeon (5/15)
 Temple: D:4-7

Altars:

Annotations:
D:5 3 runed translucent doors, Daviar's ghost, weakling HuDe


Innate Abilities, Weirdness & Mutations

You regain HP and MP as you explore.


Message History

The orc is moderately wounded.
The orc hits you with a +0 mace!
You hit the orc but do no damage.
The orc is moderately wounded.
The orc barely misses you.
You hit the orc.
You kill the orc!
You start resting.
HP restored.
There is a stone staircase leading down here.
An orc comes into view. It is wielding a +0 club.
There is a stone staircase leading down here.
There is an open door here.
You open the door.
There is an open door here.
The hound barks!
The hound closely misses you. The hound misses you.
You hit the hound but do no damage. The hound barely misses you.
The hound bites you.
You hit the hound.
The hound is moderately wounded.
The hound bites you. x2
You closely miss the hound.
The hound is moderately wounded.
The hound bites you.
You hit the hound.
The hound is heavily wounded.
The hound closely misses you. The hound barely misses you.
You hit the hound but do no damage.
The hound is heavily wounded.
The hound bites you. x2
* * * LOW HITPOINT WARNING * * *
You hit the hound.
The hound is almost dead.
The hound misses you. The hound bites you.
* * * LOW HITPOINT WARNING * * *
You closely miss the hound.
The hound is almost dead.
The hound closely misses you. The hound bites you.
You die...

#### ######
..########.....# ### #
##.#..........#
.##.###.......##....#
......#....##.#.....#
.##.#......##.#.....#
o# #.......#.@$..# o#
##.#######h.....#
.##.####.# ##.#####
.##......# #.#
.#######'## #.# ##
##...## #.#
##.....######.#### #
##.......#..?.....#
####..........###....##


You could see a hound.

Vanquished Creatures
  A dart slug (D:5)
  An orc (D:5)
2 creatures vanquished.

Notes
Turn   | Place    | Note
-------+----------+-------------------------------------------
     0 | D:5      | Arcadio the Human Delver began the quest for the Orb.
     0 | D:5      | Reached XP level 1. HP: 18/18 MP: 1/1
    38 | D:5      | Found a runed translucent gate.
    38 | D:5      | Found a runed translucent gate.
    38 | D:5      | Found a runed translucent gate.
    67 | D:5      | Noticed a hound
   149 | D:5      | Noticed a sleepcap
   212 | D:5      | Noticed a scorpion
   229 | D:5      | Noticed a wyvern simulacrum
   229 | D:5      | Noticed Daviar's ghost (weakling HuDe)
   256 | D:5      | Noticed a centaur
   271 | D:5      | Noticed an orc wizard
   398 | D:5      | Slain by a hound

Illustrated notes

Levels and vault maps discovered:
D:5:      layout_loops_corners, nicolae_wu_jian_glorious_leap,
          gammafunk_ghost_icy

Action                     || total
---------------------------++-------
  Melee: Falchion          ||    17
   Stab: Sleeping          ||     1
 Armour: Leather armour    ||    11
  Dodge: Dodged            ||    12
